AoeStats
← BichiArana

Scandinavia

510291046Analyzed
1v1 RM · 4h ago on Sep 30, 2026· 50m 32s· 2 players
Game mode
Random Map
Map size
Tiny (2 player)
Population
200
Speed
Normal
Resources
Standard
Victory
Conquest
Starting age
Dark Age
Ending age
Imperial Age
RankedLock teamsTeams togetherTeam positionsShared explorationLock speedFull tech treeHidden civsTurbo modeCheats
Victory
Defeat
🇦🇺 Persians · Australia
301
+5
🇪🇸 Burgundians · Spain
6
-5
BichiArana
0:29 Loom
13:02 Feudal Age
16:19 Double-Bit Axe
17:55 Fishing Lines
18:47 Bow Saw
20:39 Wheelbarrow
24:22 Castle Age
23:09 Arson
29:38 Imperial Age
27:42 Hand Cart
27:15 Town Watch
32:40 Two-Man Saw
33:51 Chemistry
35:01 Horse Collar
37:50 Fletching
38:01 Padded Archer Armor
38:07 Scale Barding Armor
38:13 Forging
38:04 Scale Mail Armor
39:25 Gillnets
41:27 Town Patrol
42:42 Ballistics
42:09 Arrowslits
42:20 Murder Holes
49:23 Bombard Tower
49:15 Fortified Wall
49:49 Bodkin Arrow
50:11 Leather Archer Armor
50:32 Iron Casting
50:13 Chain Mail Armor
50:19 Chain Barding Armor
ThatchyHail8844
15:33 Feudal Age
16:46 Double-Bit Axe
23:16 Horse Collar
27:34 Castle Age
26:51 Gold Mining
26:51 Stone Mining
31:54 Bow Saw
32:32 Stone Shaft Mining
33:25 Heavy Plow
35:01 Gold Shaft Mining
44:20 Imperial Age
Connection lost

Rejoining the realm…

Still unreachable

The connection could not be restored.

Session expired

The server has moved on; the page needs a fresh start.